 Dungeon Crawl Stone Soup version 0.30-a0-739-gea05faddec (webtiles) character file.

Game seed: 2780360119747962488

24167 cheesebisquit the Earth Mage (level 13, -3/86 HPs)
             Began as a Gargoyle Earth Elementalist on Feb 4, 2023.
             Was a High Priest of Vehumet.
             Slain by a killer bee (12 damage)
             ... on level 12 of the Dungeon.
             The game lasted 01:08:48 (16384 turns).

cheesebisquit the Earth Mage (GrEE)                Turns: 16384, Time: 01:08:48

Health: -3/86      AC: 19    Str: 13    XL:     13   Next: 11%
Magic:  3/38       EV:  9    Int: 26    God:    Vehumet [*****.]
Gold:   720        SH:  6    Dex: 10    Spells: 26/36 levels left

rFire   . . .      SeeInvis .    H - +7 hand axe "Raloer" {drain, rN+ Int+6}
rCold   . . .      Faith    .    T - +0 kite shield
rNeg    + + .      Spirit   .    P - +0 steam dragon scales
rPois   ∞          Reflect  .    r - +1 helmet
rElec   +          Harm     .    F - +0 cloak
rCorr   .          Rampage  .    E - +0 pair of gloves
Will    .....                    k - +0 pair of boots
Stlth   ++                       V - amulet of magic regeneration
HPRegen 0.34/turn                g - ring of wizardry
MPRegen 0.66/turn                O - ring of magical power

@: no status effects
A: sickness immunity, AC +9, negative energy resistance 1, electricity
resistance, torment resistance 1, petrification resistance
a: Renounce Religion


You were on level 12 of the Dungeon.
You worshipped Vehumet.
Vehumet was extremely pleased with you.
You visited 1 branch of the dungeon, and saw 12 of its levels.
You also visited: Sewer.

You collected 1211 gold pieces.
You spent 491 gold pieces at shops.

Inventory:

Hand Weapons
 i - a +3 great mace of draining
 H - the +7 hand axe "Raloer" (weapon) {drain, rN+ Int+6}
   (You found it on level 5 of the Dungeon)

   Int:       It affects your intelligence (+6).
   rN:        It protects you from negative energy.
Missiles
 h - 5 curare-tipped darts
 u - 59 poisoned darts
 v - 11 boomerangs
 U - a silver boomerang
Armour
 c - the +4 ring mail of Gestures {rPois rN+ Str+6}
   (You found it on level 10 of the Dungeon)

   Str:       It affects your strength (+6).
   rPois:     It protects you from poison.
   rN:        It protects you from negative energy.
 k - a +0 pair of boots (worn)
 r - a +1 helmet (worn)
 E - a +0 pair of gloves (worn)
 F - a +0 cloak (worn)
 P - +0 steam dragon scales (worn)
 T - a +0 kite shield (worn)
Magical Staves
 Y - a staff of conjuration
Jewellery
 f - a +6 ring of strength
 g - a ring of wizardry (left hand)
 K - a ring of protection from fire
 O - a ring of magical power (right hand)
 S - an amulet of reflection
 V - an amulet of magic regeneration (around neck)
Wands
 n - a wand of polymorph (4)
 z - a wand of charming (10)
 G - a wand of mindburst (18)
Scrolls
 d - 2 scrolls of amnesia
 j - 2 scrolls of fear
 l - a scroll of teleportation
 m - 4 scrolls of brand weapon
 s - a scroll of silence
 I - a scroll of fog
 J - a scroll of enchant weapon
 M - a scroll of vulnerability
 R - a scroll of butterflies {unknown}
 W - a scroll of poison {unknown}
Potions
 a - a potion of might {unknown}
 b - 2 potions of magic
 o - 2 potions of ambrosia
 p - 3 potions of lignification
 q - a potion of attraction {unknown}
 t - 9 potions of curing
 x - 3 potions of cancellation
 A - 4 potions of flight
 B - a potion of heal wounds
 C - 2 potions of mutation
 D - a potion of invisibility
 L - a potion of haste
 Q - a potion of resistance
Miscellaneous
 e - a condenser vane


   Skills:
 + Level 12.3 Fighting
 - Level 1.5 Dodging
 - Level 2.1 Stealth
 + Level 12.3 Spellcasting
 - Level 0.7 Transmutations
 + Level 15.9 Earth Magic


You had 26 spell levels left.
You knew the following spells:

 Your Spells              Type           Power      Damage    Failure   Level
a - Sandblast             Erth           100%       2d20      0%          1
b - Stone Arrow           Conj/Erth      100%       3d13      1%          3
c - Passwall              Tmut/Erth      46%        N/A       1%          2
d - Petrify               Tmut/Erth      56%        N/A       1%          4

Your spell library contained the following spells:

 Spells                   Type           Power      Damage    Failure   Level
 Conjure Ball Lightning   Conj/Air       8%         3x3d6     83%         6
 Magic Dart               Conj           64%        1d6       1%          1
 Searing Ray              Conj           32%        2d5       2%          2
 Static Discharge         Conj/Air       32%        2-4/arc   2%          2
 Slow                     Hex            64%        N/A       5%          1
 Fulminant Prism          Conj/Hex       8%         3d7       14%         4
 Olgreb's Toxic Radiance  Pois           16%        N/A       14%         4
 Confusing Touch          Hex            16%        N/A       16%         3
 Vampiric Draining        Necr           16%        2d7       16%         3
 Vhi's Electric Charge    Tloc/Air       32%        N/A       16%         3
 Arcjolt                  Conj/Air       8%         1d18      34%         5
 Lightning Bolt           Conj/Air       8%         1d20      34%         5
 Ozocubu's Refrigeration  Ice            8%         4d9       99%         7
 Malign Gateway           Summ/Tloc      8%         N/A       100%        7
 Ignition                 Fire           8%         3d5       100%        8
 Summon Horrible Things   Summ           8%         N/A       100%        8


Dungeon Overview and Level Annotations

Branches:
Dungeon (12/15)            Temple (0/1) D:5            Lair (0/5) D:8
    Orc (0/2) D:11          Sewer (visited)

Altars:
Ashenzari
Hepliaklqana
Makhleb
Nemelex Xobeh
Qazlal
Sif Muna
Trog
Vehumet
Wu Jian
Xom
Lugonu

Shops:
D:1 *   D:3 !   D:5 =([[

Portals:
Abyss: D:3


Innate Abilities, Weirdness & Mutations

You are immune to sickness and miasma.
Your stone body is resilient. (AC +9)
You are immune to poison.
You resist negative energy. (rN+)
You are resistant to electric shocks. (rElec)
You are resistant to unholy torment.
You are immune to petrification.


Message History

A killer bee comes into view.
Found a tubular tourmaline ring.
As you read the scroll of blinking, it crumbles to dust.
The killer bee buzzes angrily. x2; You hear a shout!
The killer bee stings you but does no damage.
The queen bee calls on the killer bee to defend it!
The killer bee goes berserk!
The killer bee moves out of view.
The killer bee stings you but does no damage.
The killer bee stings you!
You hear an angry buzzing noise.
You hear an angry buzzing noise.
The killer bee misses you. You block the killer bee's attack.
The killer bee stings you.
The killer bee stings you but does no damage.
You hear an angry buzzing noise. x2
You are too injured to fight recklessly!
Aiming: Stone Arrow (safe; 1% risk of failure)
Press: ? - help, Q - select action, (/) - cycle Shift-Dir - straight line, f - killer bee
Aim: a killer bee (berserk, 55% to hit)
The stone arrow hits the killer bee!!
The killer bee is almost dead.
The killer bee stings you but does no damage.
You block the killer bee's attack.
The killer bee stings you but does no damage.
Aiming: Stone Arrow (safe; 1% risk of failure)
Press: ? - help, Q - select action, (/) - cycle Shift-Dir - straight line, f/p - killer bee
Aim: a killer bee (almost dead, berserk, 55% to hit)
The stone arrow misses the killer bee.
You block the killer bee's attack. The killer bee stings you!
* * * LOW HITPOINT WARNING * * *
The killer bee stings you but does no damage.
You don't have enough magic to cast this spell.
You don't have enough magic to cast this spell.
You miss the killer bee.
The killer bee is almost dead.
The killer bee stings you but does no damage.
The killer bee barely misses you. The killer bee stings you!
* * * LOW HITPOINT WARNING * * *
You block the killer bee's attack. The killer bee stings you!
You die...

..
#...#...#.#
#........##
#y#
##.###.#†##
#......###
..#..y#§#
#......#
#....#.##
#....(.#
##...#.##
########
#.....#.
...#.F#C#
#..##y#.##
.. #...#@#
#=...#y##
#.#...#.#
....y.#.#.
......###
## ###..#
.... ...


You could see an ettin and a killer bee (berserk).

Vanquished Creatures
  A centaur warrior (D:9)
  4 boulder beetles
  2 two-headed ogres
  Nergalle (D:12)
  6 hell knights (D:10)
  Amaemon (D:10)
  2 necromancers (D:10)
  An orange demon (D:10)
  4 kobold demonologists
  A komodo dragon (D:8)
  5 trolls
  3 meliai (D:12)
  The ghost of SirDiesAlot the Cudgeller, an amateur DsGl of Makhleb (D:4)
  A hornet (D:7)
  Grinder (D:4)
  Sigmund (D:5)
  11 slime creatures (D:12)
  4 wyverns (D:9)
  A wraith (D:12)
  A vampire (D:12)
  3 yaks (D:11)
  Edmund (D:4)
  3 steam dragons
  A vampire mosquito (D:12)
  Menkaure (D:4)
  7 hell hounds (D:10)
  2 water moccasins
  Duvessa (D:4)
  3 black bears
  5 orc warriors
  2 sky beasts
  An ogre (D:6)
  2 centaurs
  10 kobold brigands
  Blork the orc (D:4)
  2 bullfrogs
  6 scorpions
  A gnoll sergeant (D:7)
  7 wights
  Dowan (D:4)
  38 killer bees
  5 howler monkeys
  10 orc priests
  3 hounds
  5 iguanas
  15 orc wizards
  Ijyb (D:5)
  7 adders
  3 gnolls (D:7)
  4 river rats
  A shadow imp (D:6)
  2 white imps
  3 worms
  4 dart slugs
  66 orcs
  6 ball pythons
  5 endoplasms
  4 giant cockroaches
  8 hobgoblins
  6 jackals
  3 quokkas
  6 bats
  7 frilled lizards
  6 goblins
  30 kobolds
  14 rats
374 creatures vanquished.

Vanquished Creatures (others)
  6 plants (D:8)
6 creatures vanquished.

Grand Total: 380 creatures vanquished

Notes
Turn   | Place    | Note
-------+----------+-------------------------------------------
     0 | D:1      | cheesebisquit the Gargoyle Earth Elementalist began the
                  | quest for the Orb.
     0 | D:1      | Reached XP level 1. HP: 10/10 MP: 3/3
   244 | D:1      | Reached XP level 2. HP: 13/15 MP: 0/5
   252 | D:1      | Reached skill level 4 in Earth Magic
   484 | D:1      | Found Herghusi's General Store.
   499 | D:1      | Bought a scroll of identify for 28 gold pieces
   751 | D:1      | Reached XP level 3. HP: 19/19 MP: 4/6
   884 | D:1      | Bought a +0 pair of boots for 63 gold pieces
  1199 | D:2      | Found a faded altar of an unknown god.
  1209 | D:2      | Identified the +1 robe of Mezcal {-Cast rElec rPois Regen+}
  1307 | D:2      | Learned a level 3 spell: Stone Arrow
  1310 | D:2      | Learned a level 2 spell: Passwall
  1670 | D:2      | Reached XP level 4. HP: 22/24 MP: 5/8
  1903 | D:3      | Reached skill level 5 in Earth Magic
  1913 | D:3      | Reached XP level 5. HP: 19/28 MP: 1/10
  2091 | D:3      | Found a large runed translucent door.
  2091 | D:3      | Found a large runed translucent door.
  2578 | D:3      | Found a one-way gate to the infinite horrors of the Abyss.
  2682 | D:3      | Found a corrupted altar of Lugonu.
  2729 | D:3      | Found Tifri's Distillery.
  2734 | D:3      | Bought a potion of cancellation for 88 gold pieces
  2734 | D:3      | Bought a potion of curing for 33 gold pieces
  2823 | D:3      | Found a radiant altar of Vehumet.
  2830 | D:3      | Learned a level 4 spell: Petrify
  2837 | D:3      | Became a worshipper of Vehumet
  3158 | D:4      | Noticed Menkaure
  3165 | D:4      | Killed Menkaure
  3166 | D:4      | Reached skill level 6 in Earth Magic
  3166 | D:4      | Reached XP level 6. HP: 12/32 MP: 6/12
  3343 | D:4      | Found a glowing drain.
  3347 | Sewer    | Entered a sewer
  3434 | Sewer    | Reached skill level 5 in Spellcasting
  3434 | Sewer    | Reached skill level 7 in Earth Magic
  3434 | Sewer    | Reached XP level 7. HP: 11/36 MP: 0/14
  3552 | Sewer    | Found a white marble altar of Elyvilon.
  3702 | D:4      | Noticed Edmund
  3802 | D:4      | Killed Edmund
  4028 | D:4      | Noticed Grinder
  4030 | D:4      | Noticed Dowan
  4042 | D:4      | Killed Grinder
  4043 | D:4      | Reached skill level 8 in Earth Magic
  4112 | D:4      | Noticed Blork the orc
  4114 | D:4      | Killed Blork the orc
  4115 | D:4      | Reached XP level 8. HP: 41/41 MP: 13/17
  4431 | D:4      | Noticed Duvessa
  4439 | D:4      | Killed Duvessa
  4445 | D:4      | Killed Dowan
  4555 | D:4      | Found a runed translucent gate.
  4555 | D:4      | Found a runed translucent gate.
  4556 | D:4      | Found a runed translucent gate.
  4558 | D:4      | Noticed SirDiesAlot's ghost (amateur DsGl)
  4789 | D:4      | Found a burning altar of Makhleb.
  4789 | D:4      | Noticed a balrug
  5038 | D:5      | Entered Level 5 of the Dungeon
  5118 | D:5      | Found a staircase to the Ecumenical Temple.
  5265 | D:5      | Reached skill level 9 in Earth Magic
  5403 | D:5      | Found an ornate altar of the Wu Jian Council.
  5460 | D:5      | Found Duskeocw's Armour Shop.
  5465 | D:5      | Bought a +0 pair of gloves for 54 gold pieces
  5484 | D:5      | Found Xiext's Antique Weapon Shop.
  5497 | D:5      | Found Ajess's Antique Armour Boutique.
  5497 | D:5      | Noticed Sigmund
  5502 | D:5      | Killed Sigmund
  5503 | D:5      | Reached skill level 1 in Fighting
  5587 | D:5      | Bought a +0 cloak for 54 gold pieces
  5635 | D:5      | Found a broken altar of Ashenzari.
  5698 | D:5      | Found Ygoped's Jewellery Boutique.
  5719 | D:5      | Noticed Ijyb
  5727 | D:5      | Killed Ijyb
  5964 | D:5      | Identified the +7 hand axe "Raloer" {drain, rN+ Int+6}
  6379 | D:6      | Reached XP level 9. HP: 49/49 MP: 16/19
  6418 | D:6      | Reached skill level 10 in Earth Magic
  6586 | D:6      | Reached * piety under Vehumet
  6586 | D:6      | Offered knowledge of Freeze by Vehumet.
  7078 | D:6      | Found a bloodstained altar of Trog.
  8014 | D:1      | Bought a scroll of blinking for 105 gold pieces
  8145 | D:4      | Killed SirDiesAlot's ghost
  8146 | D:4      | Reached skill level 5 in Fighting
  8286 | D:7      | Found a shimmering blue altar of Sif Muna.
  8390 | D:7      | Found a shimmering altar of Xom.
  8486 | D:7      | Noticed a hornet
  8498 | D:7      | Killed a hornet
  8499 | D:7      | Reached skill level 11 in Earth Magic
  8634 | D:7      | Reached XP level 10. HP: 54/60 MP: 3/22
  9104 | D:7      | Reached ** piety under Vehumet
  9406 | D:3      | Bought a potion of lignification for 33 gold pieces
  9406 | D:3      | Bought a potion of flight for 33 gold pieces
  9594 | D:8      | Offered knowledge of Poisonous Vapours by Vehumet.
  9726 | D:8      | Found a stormy altar of Qazlal.
 10019 | D:8      | Found a sparkling altar of Nemelex Xobeh.
 10110 | D:8      | Found a staircase to the Lair.
 10663 | D:8      | Found a hazy altar of Hepliaklqana.
 10723 | D:9      | Reached skill level 12 in Earth Magic
 10754 | D:9      | Offered knowledge of Dazzling Flash by Vehumet.
 11240 | D:9      | Reached *** piety under Vehumet
 11507 | D:9      | Offered knowledge of Inner Flame by Vehumet.
 11836 | D:9      | Noticed a centaur warrior
 11842 | D:9      | Killed a centaur warrior
 11843 | D:9      | Reached XP level 11. HP: 28/69 MP: 21/24
 12166 | D:10     | Entered Level 10 of the Dungeon
 12321 | D:10     | Reached skill level 13 in Earth Magic
 12325 | D:10     | Reached skill level 10 in Spellcasting
 12464 | D:10     | Noticed a two-headed ogre
 12480 | D:10     | Killed a two-headed ogre
 12480 | D:10     | Reached **** piety under Vehumet
 12579 | D:10     | Identified the +4 ring mail of Gestures {rPois rN+ Str+6}
 12593 | D:10     | Offered knowledge of Yara's Violent Unravelling by Vehumet.
 12647 | D:10     | Noticed Amaemon
 12657 | D:10     | Killed Amaemon
 13128 | D:10     | Noticed a hell knight
 13130 | D:10     | Noticed a necromancer
 13135 | D:10     | Killed a necromancer
 13138 | D:10     | Killed a hell knight
 13180 | D:10     | Noticed a hell knight
 13317 | D:10     | Noticed a hell knight
 13321 | D:10     | Killed a hell knight
 13331 | D:10     | Noticed a necromancer
 13387 | D:10     | Killed a hell knight
 13388 | D:10     | Reached skill level 10 in Fighting
 13388 | D:10     | Reached skill level 14 in Earth Magic
 13396 | D:10     | Killed a necromancer
 13396 | D:10     | Noticed a hell knight
 13472 | D:10     | Killed a hell knight
 13473 | D:10     | Reached XP level 12. HP: 56/78 MP: 27/27
 13473 | D:10     | Noticed a hell knight
 13477 | D:10     | Killed a hell knight
 13593 | D:10     | Noticed a hell knight
 13599 | D:10     | Killed a hell knight
 14060 | D:11     | Noticed a boulder beetle
 14077 | D:11     | Killed a boulder beetle
 14160 | D:11     | Noticed a boulder beetle
 14163 | D:11     | Noticed a two-headed ogre
 14384 | D:11     | Killed a boulder beetle
 14429 | D:11     | Killed a two-headed ogre
 14495 | D:11     | Found a broken altar of Ashenzari.
 14681 | D:11     | Found a staircase to the Orcish Mines.
 14901 | D:11     | Reached ***** piety under Vehumet
 15305 | D:11     | Found a broken altar of Ashenzari.
 15445 | D:11     | Found a staircase to the Orcish Mines.
 15600 | D:12     | Reached skill level 15 in Earth Magic
 15627 | D:12     | Noticed Nergalle
 15645 | D:12     | Killed Nergalle
 15859 | D:12     | Noticed a boulder beetle
 15861 | D:12     | Offered knowledge of Conjure Ball Lightning by Vehumet.
 15867 | D:12     | Killed a boulder beetle
 15874 | D:12     | Noticed a boulder beetle
 16258 | D:12     | Reached XP level 13. HP: 86/86 MP: 24/29
 16319 | D:12     | Noticed an ettin
 16384 | D:12     | Slain by a killer bee

Illustrated notes

Levels and vault maps discovered:
D:1:      minmay_arrival_hallway, layout_loops_ring, serial_shops, shop_coins,
          st_stairs_10
D:2:      layout_loops_ring, shapermc_ecumenical_altar_mp_highgroup
D:3:      due_chaos_kobolds, layout_loops_corners,
          lemuel_coloured_pillars_altar, serial_shops, shop,
          chequers_serial_rivers_micro_c, wad_floor_pattern_2,
          minmay_starry_boxes
D:4:      layout_layer_cave, makhleb_altar_promises_db, gup_sewer_entry_spiral,
          ebering_ghost_rock_garden, hex_large, uniq_grinder, uniq_edmund,
          uniq_blork_the_orc, uniq_menkaure, uniq_duvessa
D:5:      layout_basic, pdpol_wu_jian_five_deadly_venoms, lemuel_doored_altar,
          minmay_temple_entry_arrows, serial_shops, shop, shop,
          nicolae_diamond_shop, nicolae_shop_trees, uniq_ijyb, uniq_sigmund
D:6:      layout_basic, trog_book, st_stairs_13
D:7:      layout_basic, mainiacjoe_overflow_catch_the_wave, lightli_orcish_oven
D:8:      layout_rooms, marbit_many_paths, nemelex_diamond_rough_becter,
          nicolae_qazlal_scattered_showers, david_lair_shrubbed,
          minmay_misc_feat_iff
D:9:      minmay_goldmine, layout_basic
D:10:     layout_loops_cross, minmay_rotating_lava, uniq_amaemon
D:11:     layout_basic, hiddenorc2_lemuel, hangedman_decor_lopped,
          palyth_stone_intersect, nicolae_ashenzari_skybound
D:12:     hangedman_what_comes_after_a, layout_basic, drop_trap, uniq_nergalle

Skill      XL: |  1  2  3  4  5  6  7  8  9 10 11 12 |
---------------+-------------------------------------+-----
Earth Magic    | 4 5 6 7 8 9 11 12 14 15 | 15.9
Spellcasting   | 3 4 5 6 7 8 9 11 12 | 12.3
Fighting       | 2 5 8 10 12 | 12.3
Dodging        | |  1.5
Stealth        | |  2.1
Transmutations | |  0.7

Action                     |  1- 3 |  4- 6 |  7- 9 | 10-12 | 13-15 || total
---------------------------+-------+-------+-------+-------+-------++-------
  Melee: Short sword       |     4 |       |       |       |       ||     4
         Whip              |     5 |       |       |       |       ||     5
         Punch             |     1 |       |       |       |       ||     1
         Hand axe          |       |       |    18 |    24 |    10 ||    52
   Fire: Sling             |    33 |    74 |       |       |       ||   107
  Throw: Boomerang         |       |    16 |    15 |       |       ||    31
         Dart              |       |       |     4 |       |       ||     4
   Cast: Sandblast         |    43 |    41 |    70 |       |       ||   154
         Stone Arrow       |       |     4 |    65 |   423 |    35 ||   527
         Petrify           |       |       |     5 |     4 |       ||     9
  Evoke: Wand              |       |       |     4 |       |       ||     4
    Use: Scroll            |     3 |     8 |     6 |     6 |     3 ||    26
         Potion            |       |     2 |       |     3 |     3 ||     8
 Armour: Robe              |    15 |    27 |    43 |     8 |       ||    93
         Steam dragon scal |       |       |       |    85 |    53 ||   138
  Dodge: Dodged            |    25 |    42 |    37 |    78 |    25 ||   207
  Block: Kite shield       |       |       |       |    37 |    19 ||    56

Table legend: (Time is in decaauts)
 A = Elapsed time spent in this place.
 B = Non-inter-level travel time spent in this place.
 C = Inter-level travel time spent in this place.
 D = Time resting spent in this place.
 E = Time spent auto-exploring this place.
 F = Levels seen in this place.
 G = Mean time per level.
                   A        B        C        D        E       F      G
               +--------+--------+--------+--------+--------+-----+--------+
         Total |  16619 |  14931 |   1688 |   1288 |  11195 |  13 | 1278.4 |
       Dungeon |  16265 |  14577 |   1688 |   1288 |  10939 |  12 | 1355.4 |
         Sewer |    353 |    353 |      0 |      0 |    255 |   1 |  353.0 |
               +--------+--------+--------+--------+--------+-----+--------+

Top non-repeatable levels by time:
    D:11: 1978 daAuts
     D:4: 1952 daAuts
     D:7: 1622 daAuts
     D:9: 1553 daAuts
    D:10: 1458 daAuts
     D:3: 1425 daAuts
     D:6: 1276 daAuts
     D:5: 1226 daAuts
     D:8: 1185 daAuts
     D:1: 1157 daAuts
     D:2: 810 daAuts
    D:12: 619 daAuts
   Sewer: 353 daAuts
